 Dungeon Crawl Stone Soup version 0.29.0-4-gdea44cf6ec (webtiles) character file.

Game seed: 1510658172831788889

4886 qw the Cleaver (level 10, -1/64 HPs)
             Began as a Gargoyle Berserker on Sept 7, 2022.
             Was an Elder of Trog.
             Slain by Joseph
             ... wielding a +0 quarterstaff
              (3 damage)
             ... on level 8 of the Dungeon.
             The game lasted 00:03:24 (8922 turns).

qw the Cleaver (Gargoyle Berserker)                 Turns: 8922, Time: 00:03:24

Health: -1/64      AC: 28    Str: 25    XL:     10   Next: 50%
Magic:  10/10      EV:  7    Int:  8    God:    Trog [****..]
Gold:   170        SH:  4    Dex:  9    Spells: 9/9 levels left

rFire   + . .      SeeInvis .   Y - +2 hand axe
rCold   . . .      Faith    .   c - +0 buckler
rNeg    + . .      Spirit   .   v - +0 plate armour
rPois   inf        Reflect  .   q - +2 helmet
rElec   +          Harm     .   r - +0 cloak
rCorr   +          Rampage  .   h - +2 pair of gloves
Will    .....                   (no boots)
Stlth   ..........              (no amulet)
HPRegen 0.20/turn               p - ring of Rabau {rElec rPois rF+ rCorr}
MPRegen 0.12/turn               (no ring)

@: on berserk cooldown, slowed, very slow
A: sickness immunity, AC +7, negative energy resistance 1, electricity
resistance, torment resistance 1, petrification resistance
a: Renounce Religion, Berserk, Trog's Hand, Brothers in Arms


You were on level 8 of the Dungeon.
You worshipped Trog.
Trog was greatly pleased with you.
You visited 1 branch of the dungeon, and saw 8 of its levels.

You collected 455 gold pieces.
You spent 285 gold pieces at shops.


Innate Abilities, Weirdness & Mutations

You are immune to sickness and miasma.
Your stone body is resilient. (AC +7)
You are immune to poison.
You resist negative energy. (rN+)
You are resistant to electric shocks. (rElec)
You are resistant to unholy torment.
You are immune to petrification.


   Skills:
 - Level 8.0 Fighting
 + Level 10.5 Axes
 - Level 1.5 Throwing
 - Level 7.0 Armour
 - Level 1.5 Dodging
 - Level 5.1 Shields


You had 9 spell levels left.
You didn't know any spells.
Your spell library was empty.

Inventory:

Hand Weapons
 k - the +8 morningstar of Tenacity {protect, rElec rF+}
   (You found it on level 8 of the Dungeon)

   It grants its wielder temporary protection when it strikes (+7 to AC).
   rF:        It protects you from fire.
   rElec:     It insulates you from electricity.
 Y - a +2 hand axe (weapon)
Armour
 c - a +0 buckler (worn)
 h - a +2 pair of gloves (worn)
 q - a +2 helmet (worn)
 r - a +0 cloak (worn)
 v - a +0 plate armour (worn)
Jewellery
 b - the amulet "Zaorhasui" {Faith Contam Harm rPois rN+++}
   (You acquired it on level 2 of the Dungeon)

   [amulet of faith]

   It allows you to gain divine favour quickly.
   rPois:     It protects you from poison.
   rN:        It renders you almost immune to negative energy.
   Contam:    It causes magical contamination when unequipped.
   Harm:      It increases damage dealt and taken.
 d - a ring of ice
 p - the ring of Rabau (left hand) {rElec rPois rF+ rCorr}
   (You found it on level 4 of the Dungeon)

   [ring of resist corrosion]

   rF:        It protects you from fire.
   rElec:     It insulates you from electricity.
   rPois:     It protects you from poison.
   rCorr:     It protects you from acid and corrosion.
Scrolls
 a - 2 scrolls of identify
 g - 2 scrolls of summoning {unknown}
Potions
 e - a potion of might
 f - 3 potions of mutation
 i - 4 potions of cancellation
 j - a potion of resistance
 s - a potion of degeneration {unknown}
 t - 2 potions of curing

Dungeon Overview and Level Annotations

Branches:
Dungeon (8/15)             Temple (0/1) D:6
   Lair: D:8-11

Altars:
Elyvilon
Fedhas
Gozag
Makhleb
Qazlal
Uskayaw
Xom
Yredelemnul

Shops:
D:6 !   D:7 (   D:8 [

Portals:
Abyss: D:4

Annotations:
D:4 2 transporters, qw's ghost, amateur GrFi
D:8 Joseph


Message History

An orc comes into view.
It is wielding a +1 flail of protection.
The orc shouts!
You hear an angry buzzing noise.
An orc comes into view. It is wielding a +0 trident.
An orc comes into view. It is wielding a +0 short sword.
Joseph shoots a sling bullet.
You block the sling bullet.
Joseph shoots a sling bullet.
You block the sling bullet.
You hear an angry buzzing noise. x4
There is an open door here.
8913 ||| Stepping ~*~*~tactically~*~*~ (hiding).
You hear an angry buzzing noise. x2
8914 ||| Stepping ~*~*~tactically~*~*~ (hiding).
Joseph shoots a sling bullet.
You block the sling bullet.
You hear an angry buzzing noise. x2
You hear an angry buzzing noise. x2
Joseph unwields a +0 sling.
Joseph wields a +0 quarterstaff.
Joseph hits you but does no damage.
You slash Joseph!
Joseph is lightly wounded.
Joseph hits you but does no damage.
You hit Joseph.
Joseph is moderately wounded.
Joseph hits you with a +0 quarterstaff.
You hit Joseph.
Joseph is moderately wounded.
Joseph hits you but does no damage. Joseph hits you with a +0 quarterstaff.
You barely miss Joseph.
Joseph is moderately wounded.
Joseph hits you but does no damage.
You hit Joseph.
Joseph is moderately wounded.
Joseph hits you with a +0 quarterstaff!
You hit Joseph.
Joseph is moderately wounded.
A killer bee comes into view.
Joseph says, "I'm happy to see you. And I'll be happy to kill you."
Joseph hits you but does no damage.
The killer bee moves out of view.
You hit Joseph.
Joseph is moderately wounded.
Joseph hits you with a +0 quarterstaff.
You die...

...............
.........o.....
...............
..
...............
..
...............
..
.......o.......
.
#.....ooo......
# #
###@#########
#.#
#...@........
#####.#
#............
......)
#............
......#
#...(........
..... #
#............
....
#............
...
#............
..
#............ .
.....#


You could see Joseph and 3 orcs.

Vanquished Creatures
  A cyclops (D:7)
  Maggie (D:6)
  Grinder (D:6)
  A wyvern (D:8)
  7 yaks (D:8)
  A steam dragon (D:7)
  2 water moccasins
  A black bear (D:6)
  2 ice beasts
  A sky beast (D:5)
  An ogre (D:6)
  A centaur (D:8)
  2 phantoms
  2 kobold brigands
  A gnoll sergeant (D:7)
  3 scorpions
  3 necrophages
  4 wights
  A crimson imp (D:5)
  2 hounds
  A gnoll bouda (D:6)
  6 orc priests
  3 jellies
  8 iguanas
  Jessica (D:2)
  Natasha (twice) (D:3)
  4 orc wizards
  13 gnolls
  6 adders
  A shadow imp (D:8)
  An ufetubus (D:5)
  5 worms
  3 dart slugs
  23 orcs
  6 ball pythons
  5 bats
  12 endoplasms
  3 giant cockroaches
  10 goblins
  6 hobgoblins
  22 kobolds
  6 quokkas
  4 frilled lizards
  6 rats
195 creatures vanquished.

Vanquished Creatures (others)
  4 fungi (D:1)
  4 plants (D:1)
8 creatures vanquished.

Grand Total: 203 creatures vanquished

Notes
Turn   | Place    | Note
-------+----------+-------------------------------------------
     0 | D:1      | qw the Gargoyle Berserker began the quest for the Orb.
     0 | D:1      | Reached XP level 1. HP: 14/14 MP: 1/1
     0 | D:1      | 0 ||| qw: Version: 0.1-a-108-g9e35731
     0 | D:1      | 0 ||| qw: Game counter: 6523
     0 | D:1      | 0 ||| qw: Always use a shield: true
     0 | D:1      | 0 ||| qw: Do Orc after D:15 true
     0 | D:1      | 0 ||| qw: Do second Lair branch before Depths: true
     0 | D:1      | 0 ||| qw: Lair rune preference: random
     0 | D:1      | 0 ||| qw: Plans: Normal
     0 | D:1      | 0 ||| PLANNING D:1-11
    38 | D:1      | 38 ||| Stepping ~*~*~tactically~*~*~ (hiding).
   140 | D:1      | 140 ||| Stepping ~*~*~tactically~*~*~ (hiding).
   151 | D:1      | Reached skill level 3 in Axes
   218 | D:1      | Reached XP level 2. HP: 19/19 MP: 2/2
   539 | D:1      | Found a faded altar of an unknown god.
   728 | D:1      | Reached XP level 3. HP: 22/23 MP: 3/3
   729 | D:1      | Reached ** piety under Trog
   769 | D:1      | 769 ||| Stepping ~*~*~tactically~*~*~ (stealth).
   911 | D:1      | Reached skill level 4 in Axes
  1127 | D:1      | 1127 ||| UPGRADING to +0 ring mail.
  1137 | D:1      | 1137 ||| DROPPING +0 animal skin.
  1138 | D:1      | 1138 ||| UPGRADING to +0 pair of gloves.
  1448 | D:2      | 1448 ||| INVOKING Berserk.
  1451 | D:2      | Reached XP level 4. HP: 28/28 MP: 4/4
  1662 | D:2      | Noticed Jessica
  1663 | D:2      | 1663 ||| Stepping ~*~*~tactically~*~*~ (hiding).
  1671 | D:2      | 1671 ||| Stepping ~*~*~tactically~*~*~ (hiding).
  1672 | D:2      | 1672 ||| FLEEEEING.
  1673 | D:2      | 1673 ||| FLEEEEING.
  1674 | D:2      | 1674 ||| FLEEEEING.
  1679 | D:2      | 1679 ||| INVOKING Berserk.
  1685 | D:2      | Killed Jessica
  2055 | D:2      | 2055 ||| READING 2 scrolls labelled ISUJAAQ YV QETHI.
  2056 | D:2      | 2056 ||| READING scroll labelled JYIXIM BAROU.
  2056 | D:2      | Identified a scroll of acquirement
  2056 | D:2      | 2056 ||| ACQUIRING amulet "Zaorhasui" {Faith Contam Harm
                  | rPois rN+++}
  2056 | D:2      | Acquired the amulet "Zaorhasui" {Faith Contam Harm rPois
                  | rN+++}
  2058 | D:2      | 2058 ||| READING 2 scrolls labelled ICEIFY KIXA.
  2063 | D:2      | 2063 ||| DRINKING 3 fuming brown potions.
  2079 | D:3      | 2079 ||| STAIRDANCE
  2084 | D:3      | 2084 ||| STAIRDANCE
  2185 | D:3      | 2185 ||| FLEEEEING.
  2186 | D:3      | 2186 ||| FLEEEEING.
  2187 | D:3      | 2187 ||| FLEEEEING.
  2188 | D:3      | 2188 ||| FLEEEEING.
  2189 | D:3      | 2189 ||| FLEEEEING.
  2190 | D:3      | 2190 ||| FLEEEEING.
  2191 | D:3      | 2191 ||| STAIRDANCE
  2214 | D:2      | 2214 ||| DRINKING 2 red potions.
  2217 | D:3      | 2217 ||| STAIRDANCE
  2222 | D:2      | Reached skill level 5 in Axes
  2412 | D:3      | Reached XP level 5. HP: 17/32 MP: 5/5
  2750 | D:3      | Noticed Natasha
  2753 | D:3      | 2753 ||| INVOKING Berserk.
  2758 | D:3      | Killed Natasha
  2766 | D:3      | HP: 10/49 [orc priest/divine providence (10)]
  2766 | D:3      | HP: 4/49 [orc/+0 morningstar (6)]
  2783 | D:3      | Noticed Natasha
  2784 | D:3      | 2784 ||| Stepping ~*~*~tactically~*~*~ (hiding).
  2785 | D:3      | 2785 ||| READING 2 scrolls of teleportation.
  2797 | D:3      | 2797 ||| FLEEEEING.
  2798 | D:3      | 2798 ||| FLEEEEING.
  2799 | D:3      | 2799 ||| FLEEEEING.
  2800 | D:3      | 2800 ||| STAIRDANCE
  3035 | D:2      | 3035 ||| READING scroll labelled YTUDEA DIRHYS.
  3036 | D:2      | 3036 ||| READING 3 scrolls of identify.
  3036 | D:2      | 3036 ||| IDENTIFYING brown potion
  3037 | D:2      | 3037 ||| READING 2 scrolls of identify.
  3037 | D:2      | 3037 ||| IDENTIFYING golden potion
  3038 | D:2      | 3038 ||| DROPPING potion of berserk rage.
  3043 | D:3      | 3043 ||| STAIRDANCE
  3066 | D:3      | 3066 ||| INVOKING Berserk.
  3072 | D:3      | Reached XP level 6. HP: 36/38 MP: 6/6
  3083 | D:3      | 3083 ||| FLEEEEING.
  3085 | D:3      | 3085 ||| STAIRDANCE
  3181 | D:3      | 3181 ||| DROPPING +0 club.
  3208 | D:3      | Found a blossoming altar of Fedhas.
  3252 | D:3      | 3252 ||| Stepping ~*~*~tactically~*~*~ (hiding).
  3253 | D:3      | 3253 ||| Stepping ~*~*~tactically~*~*~ (hiding).
  3257 | D:3      | 3257 ||| INVOKING Berserk.
  3259 | D:3      | Killed Natasha
  3416 | D:3      | 3416 ||| UPGRADING to +0 chain mail.
  3426 | D:3      | 3426 ||| DROPPING +0 ring mail.
  3427 | D:3      | 3427 ||| READING scroll labelled HIUPLI FULO.
  3494 | D:4      | Reached skill level 6 in Axes
  3653 | D:4      | 3653 ||| READING scroll of enchant armour.
  3653 | D:4      | 3653 ||| ENCHANTING +0 pair of gloves.
  3733 | D:4      | 3733 ||| Stepping ~*~*~tactically~*~*~ (stealth).
  3748 | D:4      | Reached *** piety under Trog
  3791 | D:4      | Identified the ring of Rabau {rElec rPois rF+ rCorr}
  3856 | D:4      | Found an opulent altar of Gozag.
  3930 | D:4      | 3930 ||| Stepping ~*~*~tactically~*~*~ (stealth).
  3987 | D:4      | Found a transporter.
  4000 | D:4      | Found a one-way gate to the infinite horrors of the Abyss.
  4000 | D:4      | Noticed qw's ghost (amateur GrFi)
  4002 | D:4      | Found a transporter.
  4112 | D:4      | Noticed a small abomination
  4184 | D:4      | 4184 ||| UPGRADING to +1 helmet.
  4189 | D:4      | 4189 ||| DROPPING amulet of magic regeneration.
  4190 | D:4      | 4190 ||| UPGRADING to ring of Rabau {rElec rPois rF+
                  | rCorr}.
  4191 | D:4      | 4191 ||| READING 2 scrolls of identify.
  4191 | D:4      | 4191 ||| IDENTIFYING fuming blue potion
  4216 | D:5      | Entered Level 5 of the Dungeon
  4248 | D:5      | Found a hide-covered altar of Uskayaw.
  4284 | D:5      | 4284 ||| INVOKING Berserk.
  4293 | D:5      | 4293 ||| DRINKING 3 potions of curing.
  4293 | D:5      | 4293 ||| (to cure confusion)
  4298 | D:5      | Reached skill level 3 in Armour
  4298 | D:5      | 4298 ||| DRINKING 2 potions of curing.
  4298 | D:5      | 4298 ||| (to cure confusion)
  4314 | D:5      | 4314 ||| DRINKING potion of curing.
  4314 | D:5      | 4314 ||| (to cure confusion)
  4324 | D:5      | 4324 ||| INVOKING Berserk.
  4419 | D:5      | Found a basalt altar of Yredelemnul.
  4432 | D:5      | 4432 ||| INVOKING Berserk.
  4443 | D:5      | Reached XP level 7. HP: 43/43 MP: 7/7
  4688 | D:5      | 4688 ||| Stepping ~*~*~tactically~*~*~ (stealth).
  4689 | D:5      | 4689 ||| Stepping ~*~*~tactically~*~*~ (stealth).
  4709 | D:5      | Reached skill level 7 in Axes
  5065 | D:5      | 5065 ||| Stepping ~*~*~tactically~*~*~ (stealth).
  5085 | D:5      | Reached skill level 1 in Throwing
  5189 | D:5      | 5189 ||| FLEEEEING.
  5195 | D:5      | Reached XP level 8. HP: 40/49 MP: 8/8
  5205 | D:5      | 5205 ||| INVOKING Berserk.
  5219 | D:5      | Reached skill level 8 in Axes
  5241 | D:5      | 5241 ||| Stepping ~*~*~tactically~*~*~ (stealth).
  5243 | D:5      | 5243 ||| Stepping ~*~*~tactically~*~*~ (stealth).
  5443 | D:5      | 5443 ||| Stepping ~*~*~tactically~*~*~ (stealth).
  5444 | D:5      | 5444 ||| Stepping ~*~*~tactically~*~*~ (stealth).
  5626 | D:5      | 5626 ||| INVOKING Berserk.
  5761 | D:5      | 5761 ||| DROPPING +0 morningstar.
  5802 | D:5      | Found a burning altar of Makhleb.
  5829 | D:5      | 5829 ||| UPGRADING to +0 cloak.
  5834 | D:5      | 5834 ||| READING 2 scrolls labelled DIEDWY BAIVOA.
  5835 | D:5      | 5835 ||| READING scroll of enchant weapon.
  5835 | D:5      | 5835 ||| ENCHANTING +1 hand axe.
  5836 | D:5      | 5836 ||| READING scroll labelled SACREDENOSK.
  5837 | D:5      | 5837 ||| DRINKING 2 fuming ruby potions.
  5838 | D:5      | 5838 ||| READING 2 scrolls of identify.
  5838 | D:5      | 5838 ||| IDENTIFYING black potion
  5912 | D:6      | Found a staircase to the Ecumenical Temple.
  5923 | D:6      | 5923 ||| Stepping ~*~*~tactically~*~*~ (stealth).
  5930 | D:6      | 5930 ||| INVOKING Berserk.
  5934 | D:6      | Reached skill level 6 in Fighting
  6050 | D:6      | 6050 ||| READING scroll of enchant armour.
  6050 | D:6      | 6050 ||| ENCHANTING +1 pair of gloves.
  6206 | D:6      | 6206 ||| Stepping ~*~*~tactically~*~*~ (stealth).
  6207 | D:6      | Found a stormy altar of Qazlal.
  6208 | D:6      | 6208 ||| Stepping ~*~*~tactically~*~*~ (stealth).
  6213 | D:6      | Reached **** piety under Trog
  6254 | D:6      | 6254 ||| Stepping ~*~*~tactically~*~*~ (hiding).
  6265 | D:6      | 6265 ||| INVOKING Berserk.
  6269 | D:6      | Reached skill level 9 in Axes
  6273 | D:6      | Reached XP level 9. HP: 55/55 MP: 9/9
  6431 | D:6      | Noticed Grinder
  6432 | D:6      | 6432 ||| INVOKING Trog's Hand.
  6433 | D:6      | 6433 ||| INVOKING Berserk.
  6441 | D:6      | Killed Grinder
  6617 | D:6      | Noticed Maggie
  6618 | D:6      | 6618 ||| Stepping ~*~*~tactically~*~*~ (hiding).
  6649 | D:6      | HP: 8/55 [Maggie/+0 long sword (9)]
  6650 | D:6      | 6650 ||| READING 2 scrolls of teleportation.
  6651 | D:6      | 6651 ||| DRINKING potion of heal wounds.
  6897 | D:6      | Killed Maggie
  7164 | D:6      | Found Baffips's Distillery.
  7173 | D:6      | 7173 ||| SHOPLISTING 2 potions of haste (300 gold, have
                  | 299).
  7173 | D:6      | 7173 ||| BUYING potion of cancellation (120 gold).
  7173 | D:6      | Bought a potion of cancellation for 120 gold pieces
  7173 | D:6      | 7173 ||| BUYING potion of cancellation (120 gold).
  7173 | D:6      | Bought a potion of cancellation for 120 gold pieces
  7173 | D:6      | 7173 ||| BUYING potion of curing (45 gold).
  7173 | D:6      | Bought a potion of curing for 45 gold pieces
  7173 | D:6      | 7173 ||| SHOPLISTING potion of haste (150 gold, have 14).
  7173 | D:6      | 7173 ||| SHOPLISTING potion of heal wounds (75 gold, have
                  | 14).
  7173 | D:6      | 7173 ||| SHOPLISTING potion of mutation (120 gold, have
                  | 14).
  7204 | D:6      | 7204 ||| READING scroll labelled QESAUFF NUDI.
  7242 | D:7      | 7242 ||| Stepping ~*~*~tactically~*~*~ (hiding).
  7244 | D:7      | Noticed a cyclops
  7245 | D:7      | 7245 ||| Stepping ~*~*~tactically~*~*~ (stealth).
  7247 | D:7      | 7247 ||| INVOKING Berserk.
  7251 | D:7      | Killed a cyclops
  7259 | D:7      | Reached skill level 10 in Axes
  7270 | D:7      | Reached skill level 6 in Armour
  7406 | D:7      | 7406 ||| Stepping ~*~*~tactically~*~*~ (stealth).
  7553 | D:7      | Reached XP level 10. HP: 61/64 MP: 10/10
  7591 | D:7      | Found Sinuek's Antique Weapon Shop.
  7681 | D:7      | Found a shimmering altar of Xom.
  8104 | D:7      | 8104 ||| UPGRADING to +0 buckler.
  8109 | D:7      | 8109 ||| UPGRADING to +0 plate armour.
  8119 | D:7      | 8119 ||| DROPPING +0 chain mail.
  8120 | D:7      | 8120 ||| DRINKING 2 orange potions.
  8121 | D:7      | 8121 ||| DRINKING 2 puce potions.
  8122 | D:7      | 8122 ||| READING 2 scrolls of identify.
  8122 | D:7      | 8122 ||| IDENTIFYING pink potion
  8123 | D:7      | 8123 ||| DROPPING potion of attraction.
  8124 | D:7      | 8124 ||| DROPPING potion of brilliance.
  8125 | D:7      | 8125 ||| DROPPING potion of invisibility.
  8236 | D:8      | 8236 ||| INVOKING Berserk.
  8243 | D:8      | Reached skill level 3 in Shields
  8420 | D:8      | Identified the +8 morningstar of Tenacity {protect, rElec
                  | rF+}
  8422 | D:8      | 8422 ||| DROPPING +2 morningstar of protection.
  8424 | D:8      | Found a white marble altar of Elyvilon.
  8491 | D:8      | 8491 ||| INVOKING Berserk.
  8598 | D:8      | Found Ribannoe's Antique Armour Emporium.
  8713 | D:8      | 8713 ||| READING scroll of enchant armour.
  8713 | D:8      | 8713 ||| ENCHANTING +1 helmet.
  8767 | D:8      | 8767 ||| Stepping ~*~*~tactically~*~*~ (hiding).
  8768 | D:8      | 8768 ||| Stepping ~*~*~tactically~*~*~ (hiding).
  8865 | D:8      | 8865 ||| Stepping ~*~*~tactically~*~*~ (stealth).
  8867 | D:8      | 8867 ||| Stepping ~*~*~tactically~*~*~ (hiding).
  8892 | D:8      | 8892 ||| INVOKING Berserk.
  8908 | D:8      | HP: 15/64 [orc priest/nerve-wracking pain (6)]
  8909 | D:8      | 8909 ||| READING scroll of teleportation.
  8911 | D:8      | Noticed Joseph
  8913 | D:8      | 8913 ||| Stepping ~*~*~tactically~*~*~ (hiding).
  8914 | D:8      | 8914 ||| Stepping ~*~*~tactically~*~*~ (hiding).
  8917 | D:8      | HP: 12/64 [Joseph/+0 quarterstaff (1)]
  8920 | D:8      | HP: 1/64 [Joseph/+0 quarterstaff (9)]
  8922 | D:8      | Slain by Joseph

Levels and vault maps discovered:
D:1:      reono_arrival_forest_river, layout_loops_ring,
          shapermc_ecumenical_altar_gd
D:2:      layout_rooms, uniq_jessica
D:3:      layout_rooms, marbit_many_paths, uniq_natasha
D:4:      layout_cave_pools, grunt_gozag_breadcrumbs,
          gammafunk_ghost_abyssal_escape, minmay_three_crescents
D:5:      minmay_bubble_buster, layout_cave_pools, makhleb_grotto_becter,
          nicolae_uskayaw_murder_on_the_dancefloor, yredelemnul_altar_generic,
          kennysheep_generic_room_13
D:6:      layout_basic, nicolae_qazlal_scattered_showers,
          minmay_temple_entry_offerings, serial_shops, nicolae_lakefront_shop,
          uniq_grinder, uniq_maggie
D:7:      layout_loops_cross, lemuel_crystal_altar, serial_shops, shop
D:8:      layout_basic, okawaru_metal_pillars_1_2,
          mainiacjoe_overflow_concentric_impassable, trog_butcher_becter,
          serial_shops, nicolae_shop_crystal, minivault_1, uniq_joseph

Skill      XL: |  1  2  3  4  5  6  7  8  9 10 |
---------------+-------------------------------+-----
Axes           | 3 4 5 6 7 9 10 | 10.5
Fighting       | 4 5 6 7 8 |  8.0
Armour         | 3 4 6 7 |  7.0
Throwing       | 1 |  1.5
Shields        | 5 |  5.1
Dodging        | |  1.5

Action                   |  1- 3 |  4- 6 |  7- 9 | 10-12 || total
-------------------------+-------+-------+-------+-------++-------
Melee: Hand axe          |    96 |   210 |   318 |   148 ||   772
       Punch             |       |     1 |     3 |     1 ||     5
Throw: Boomerang         |       |    29 |    26 |     6 ||    61
Invok: Berserk           |     1 |     7 |     6 |     3 ||    17
       Trog's Hand       |       |       |     1 |       ||     1
  Use: Scroll            |       |    10 |     7 |     3 ||    20
       Potion            |       |     5 |     2 |     2 ||     9
Armor: Animal skin       |    26 |       |       |       ||    26
       Ring mail         |    10 |    36 |       |       ||    46
       Chain mail        |       |    87 |   160 |     2 ||   249
       Plate armour      |       |       |       |    73 ||    73
Dodge: Dodged            |    38 |    85 |   112 |    42 ||   277
Block: Buckler           |       |       |       |    25 ||    25

Table legend:
 A = Non-vault XP
 B = Vault XP
 C = Vault XP percentage of total XP
 D = Non-vault monster count
 E = Vault monster count
 F = Vault count percentage of total count
                 A         B        C        D         E       F
            +---------+---------+-------+---------+---------+-------
      Total |    5456 |    1524 |  21.8 |     169 |      26 |  13.3
            +---------+---------+-------+---------+---------+-------
        D:1 |      54 |       0 |   0.0 |      29 |       0 |   0.0
        D:2 |      59 |      37 |  38.5 |      20 |       1 |   4.8
        D:3 |     198 |      37 |  15.7 |      23 |       2 |   8.0
        D:4 |      63 |      10 |  13.7 |      12 |       5 |  29.4
        D:5 |     564 |     778 |  58.0 |      24 |      16 |  40.0
        D:6 |     819 |     662 |  44.7 |      15 |       2 |  11.8
        D:7 |    1679 |       0 |   0.0 |      20 |       0 |   0.0
        D:8 |    2020 |       0 |   0.0 |      26 |       0 |   0.0
            +---------+---------+-------+---------+---------+-------
